Map: Goldenaura LE

Players

Notairo - Winner!

  • Race: Zerg Zerg
  • Spawn Location: 12:00

VOD

Have the link to the VOD?

Description

Time

  • Played on: May 9, 2024, 5:44 p.m.
  • Length: 5:26
Show
View Real Time Build Order
Export as new Build Order

Notairo Zerg - Winner!

Build Orders:  

Get SALT Encoding   

  12  0:01  Drone  
  13  0:13  Drone  
  13  0:18  Extractor  
  13  0:41  Spawning Pool  
  12  0:54  Drone x2  
  14  1:08  Overlord  
  14  1:35  Drone  
  14  1:37  Drone  
  16  1:47  Queen  
  18  1:58  Drone  
  19  2:32  Hatchery  
  18  2:41  Overlord  
  18  2:46  Drone  
  19  2:56  Metabolic Boost  
  19  3:01  Queen  
  21  3:11  Overlord  
  21  3:23  Zergling x4  
  21  3:29  Zergling x2  
  24  3:30  Zergling x2  
  24  3:35  Zergling x2  
  26  3:41  Zergling x2  
  27  3:57  Zergling x2  
  28  4:08  Zergling x2  
  29  4:11  Zergling x2  
  29  4:12  Zergling x4  
  31  4:25  Zergling x2  
  30  4:43  Zergling x2  
  30  4:54  Zergling x6  
  32  5:19  Hatchery  
Tags
 
Add a new tag
Caveats
  • Supply blocks, unpowered buildings, or Contaminate may cause inaccurate times.
  • Supply counts are checked every 10 seconds.